 Dungeon Crawl Stone Soup version 0.15.2 (webtiles) character file.

6437 Huymann the Thaumaturge (level 10, 0/66 HPs)
             Began as a High Elf Wizard on Feb 6, 2015.
             Was a High Priest of Vehumet.
             Slain by Heini's ghost (15 damage)
             ... in a bailey on Feb 7, 2015.
             The game lasted 02:17:10 (12752 turns).

Huymann the Thaumaturge (High Elf Wizard)          Turns: 12752, Time: 02:17:10

HP   0/66        AC  5     Str 18      XL: 10   Next: 67%
MP   6/29        EV 16     Int 22      God: Vehumet [*****.]
Gold 474         SH  0     Dex 15      Spells:  9 memorised,  5 levels left

rFire  . . .     SeeInvis .     D - staff of conjuration
rCold  . . .     Clarity  .     a - +0 robe
rNeg   . . .     rCorr    .     (no shield)
rPois  .         rRot     .     b - +1 hat
rElec  .         Spirit   .     s - +1 cloak
SustAb .         Warding  .     (no gloves)
rMut   .         Stasis   .     (no boots)
Gourm  .                        t - amulet of faith
MR     +....                    I - +4 ring of slaying
                                j - +4 ring of strength

@: mighty, flying, very slightly contaminated, somewhat resistant to hostile
enchantments, stealthy
A: no striking features
a: Renounce Religion


You were in a bailey.
You worshipped Vehumet.
Vehumet was extremely pleased with you.
You were not hungry.

You visited 1 branch of the dungeon, and saw 11 of its levels.
You also visited: Bailey.

You collected 474 gold pieces.

Inventory:

Hand weapons
 o - a +1 dagger
 u - a +0 dagger of venom
 G - a +1 long sword
 H - a +0 falchion
 L - a +0 long sword
 O - a +0 dagger of flaming
 R - a +3 dagger
 S - a +1 great sword
Missiles
 v - 41 poisoned needles
 W - a javelin (quivered)
Armour
 a - a +0 robe (worn)
 b - a +1 hat (worn)
 g - a +0 large shield
 s - a +1 cloak (worn)
Magical devices
 l - a wand of confusion (9)
 F - a wand of random effects (10)
Comestibles
 d - 8 bread rations
 i - 4 meat rations
 w - 2 fruits
 Q - 2 beef jerkies
 T - 7 royal jellies
Scrolls
 q - 4 scrolls of remove curse
 r - 2 scrolls of recharging
 x - 3 scrolls of magic mapping
 y - 3 scrolls of fear
 C - 2 scrolls of teleportation
Jewellery
 j - a +4 ring of strength (left hand)
 t - an amulet of faith (around neck)
 I - a +4 ring of slaying (right hand)
 K - a +6 ring of strength
 P - an uncursed amulet of resist corrosion {unknown}
Potions
 e - a potion of haste
 f - 3 potions of brilliance
 h - 2 potions of agility {unknown}
 m - 5 potions of curing
 n - a potion of restore abilities {unknown}
 p - a potion of heal wounds {unknown}
 z - 2 potions of flight
 A - a potion of magic {unknown}
 E - a potion of confusion {unknown}
Books
 c - a book of Minor Magic

   Spells                             Type                      Level
   *Magic Dart                        Conjuration                  1
   *Blink                             Translocation                2
   *Call Imp                          Summoning                    2
   *Repel Missiles                    Charms/Air                   2
   Slow                               Hexes                        2
   *Conjure Flame                     Conjuration/Fire             3
   *Mephitic Cloud                    Conjuration/Poison/Air       3
 J - a book of Alchemy

   Spells                             Type                      Level
   Sublimation of Blood               Necromancy                   2
   Alistair's Intoxication            Transmutation/Poison         4
   Condensation Shield                Ice                          4
   Petrify                            Transmutation/Earth          4
   Ignite Poison                      Fire/Transmutation           5
 M - a book of Wizardry

   Spells                             Type                      Level
   Agony                              Necromancy                   5
   Force Lance                        Conjuration                  5
   Dispersal                          Translocation                6
   Haste                              Charms                       6
   Invisibility                       Hexes                        6
   Spellforged Servitor               Conjuration/Summoning        7
Magical staves
 D - an uncursed staff of conjuration (weapon)


   Skills:
 * Level 5.0 Fighting
 + Level 1.6(2.8) Short Blades
 * Level 3.5(3.7) Long Blades
 * Level 3.1 Staves
 + Level 0.2 Throwing
 * Level 6.4 Dodging
 * Level 7.0 Stealth
 * Level 3.1 Shields
 * Level 8.3 Spellcasting
 * Level 5.9 Conjurations
 * Level 2.8 Charms
 + Level 2.4 Summonings
 + Level 2.3 Translocations
 * Level 3.7 Fire Magic
 * Level 2.4 Ice Magic
 * Level 4.9 Air Magic
 + Level 0.7 Poison Magic


You had 5 spell levels left.
You knew the following spells:

 Your Spells              Type           Power        Failure   Level  Hunger
a - Magic Dart            Conj           ####         1%          1    None
b - Blink                 Tloc           N/A          6%          2    None
c - Call Imp              Summ           ###.....     6%          2    None
d - Conjure Flame         Conj/Fire      #####...     1%          3    None
e - Mephitic Cloud        Conj/Pois/Air  #####...     1%          3    None
f - Flame Tongue          Conj/Fire      #####        1%          1    None
g - Throw Flame           Conj/Fire      #####.       1%          2    None
h - Repel Missiles        Chrm/Air       ####..       2%          2    None
i - Throw Icicle          Conj/Ice       #####...     4%          4    ###....


Dungeon Overview and Level Annotations

Branches:
Dungeon (11/15)            Temple (0/1) D:5             Orc (0/4) D:10
   Lair: D:8-11

Altars:
Ashenzari
Elyvilon
Fedhas
Makhleb
Nemelex Xobeh
Okawaru
Trog
Vehumet
Xom
Yredelemnul
Zin

Shops:
D:10 (

Annotations:
D:3 Heini's ghost, average MiFi
D:11 Heini's ghost, powerful MiFi; Huymann's ghost, powerful DEWz Bailey Heini's ghost, experienced MiFi


Message History

The orc is engulfed in noxious fumes.
The orc appears confused.
The orc barely misses your crimson imp.
Casting: Mephitic Cloud
Confirm with . or Enter, or press ? or * to list all spells.
A beastly little devil appears in a puff of flame.
Your crimson imp blinks!
Drink which item? (? for menu, Esc to quit)
You feel better.
The orc is engulfed in noxious fumes.
The orc appears confused.
Heini's ghost hits your crimson imp!
Your crimson imp dies!
Your crimson imp hits Heini's ghost but does no damage.
Your crimson imp hits Heini's ghost but does no damage.
Vehumet accepts your kill.
You feel your power returning.
You hear a splash. x2
You feel a bit more experienced.
There is a gate leading back out of here here.
Your crimson imp blinks!
Heini's ghost hits you!
You die...

#.≈.§##
#.≈.##.$$$.
#.≈.######
#.≈..#####
#.≈≈≈≈≈≈≈##
#....55...#
########5##
####.§.##
##@W5####
#∩#### ###


You could see Heini's ghost and 2 friendly crimson imps.

Vanquished Creatures
  Pikel (D:4)
  2 cyclopes (D:10)
  A queen bee (D:8)
  A hippogriff (D:7)
  6 orc warriors
  A slave (D:4)
  3 ice beasts
  A yellow wasp (D:9)
  A black bear (D:5)
  6 phantoms
  2 centaurs
  A big kobold (D:8)
  4 ogres
  3 giant frogs
  An eye of draining (D:9)
  A scorpion (D:4)
  20 killer bees
  7 wights
  4 jellies
  2 crimson imps
  A centaur zombie (D:6)
  An elf zombie (D:7)
  Crazy Yiuf (D:4)
  5 orc priests
  A giant frog skeleton (D:10)
  A hound (D:10)
  An iron imp (D:10)
  6 orc wizards
  4 worker ants
  A two-headed ogre skeleton (D:8)
  A killer bee zombie (D:9)
  2 iguanas
  An ogre skeleton (D:6)
  A big kobold simulacrum (D:10)
  8 gnolls
  An orc skeleton (D:7)
  A shadow imp (D:6)
  A worm (D:5)
  7 adders
  A white imp (D:10)
  An adder skeleton (D:4)
  5 giant geckos
  An ooze (D:1)
  34 orcs
  3 ball pythons
  A bat skeleton (D:7)
  2 gnoll zombies (D:6)
  15 goblins
  12 hobgoblins
  21 jackals
  25 kobolds
  5 quokkas
  18 bats
  5 giant cockroaches
  A giant gecko skeleton (D:6)
  6 giant newts
  3 giant spores
  2 gnoll skeletons (D:6)
  2 hobgoblin zombies
  A kobold skeleton (D:4)
  2 orc zombies
  16 rats
295 creatures vanquished.

Vanquished Creatures (collateral kills)
  A feature mimic (D:10)
  A hungry ghost (D:9)
  A water moccasin (D:10)
  A centaur (D:10)
  A scorpion (D:10)
  2 killer bees (D:8)
  3 crimson imps
  2 gnoll shamans
  An orc wizard (D:5)
  Ijyb (D:4)
  3 adders
  4 gnolls (D:5)
  A giant mite (D:2)
  A shadow imp (D:6)
  A worm (D:3)
  5 orcs
  A hobgoblin (D:3)
  A jackal (D:3)
  2 kobolds
  2 rats
35 creatures vanquished.

Vanquished Creatures (others)
  A killer bee (D:8)
  7 crimson imps
  7 white imps
  4 shadow imps
  4 orcs
23 creatures vanquished.

Grand Total: 353 creatures vanquished

Notes
Turn   | Place    | Note
--------------------------------------------------------------
     0 | D:1      | Huymann, the High Elf Wizard, began the quest for the Orb.
     0 | D:1      | Reached XP level 1. HP: 11/11 MP: 5/5
   686 | D:1      | Reached XP level 2. HP: 12/18 MP: 1/7
   836 | D:1      | Reached skill level 4 in Spellcasting
  1524 | D:2      | Reached XP level 3. HP: 22/22 MP: 11/11
  1672 | D:2      | Learned a level 2 spell: Blink
  1675 | D:2      | Learned a level 2 spell: Call Imp
  1679 | D:2      | Learned a level 3 spell: Conjure Flame
  2463 | D:2      | Found a white marble altar of Elyvilon.
  2464 | D:2      | Found a shattered altar of Ashenzari.
  2466 | D:2      | Found a burning altar of Makhleb.
  2472 | D:2      | Reached XP level 4. HP: 25/27 MP: 7/14
  2475 | D:2      | Found a shimmering altar of Xom.
  2476 | D:2      | Found a glowing silver altar of Zin.
  2479 | D:2      | Found a blossoming altar of Fedhas.
  2480 | D:2      | Found an iron altar of Okawaru.
  2801 | D:2      | Learned a level 3 spell: Mephitic Cloud
  2871 | D:3      | Noticed Heini's ghost (average MiFi)
  2950 | D:2      | Reached skill level 1 in Fighting
  3268 | D:3      | Reached skill level 1 in Summonings
  3732 | D:3      | Found a radiant altar of Vehumet.
  3738 | D:3      | Became a worshipper of Vehumet
  3973 | D:3      | Reached XP level 5. HP: 33/33 MP: 0/16
  4218 | D:4      | Noticed an ogre
  4320 | D:4      | Noticed Ijyb
  4334 | D:4      | Killed an ogre
  4334 | D:4      | Acquired Vehumet's first power
  4334 | D:4      | Offered knowledge of Flame Tongue by Vehumet.
  4334 | D:4      | Reached XP level 6. HP: 14/39 MP: 0/19
  4337 | D:4      | Learned a level 1 spell: Flame Tongue
  4384 | D:4      | Killed Ijyb
  4538 | D:4      | Noticed a slave
  4761 | D:4      | Noticed an ogre
  4767 | D:4      | Noticed a phantom
  4770 | D:4      | Killed an ogre
  4770 | D:4      | Reached skill level 1 in Short Blades
  4800 | D:4      | Killed a phantom
  4800 | D:4      | Reached skill level 5 in Spellcasting
  4937 | D:4      | Noticed a slave
  4938 | D:4      | Noticed a slave
  4939 | D:4      | Noticed a slave
  5121 | D:4      | Noticed Pikel
  5151 | D:4      | Killed a slave
  5163 | D:4      | Killed Pikel
  5163 | D:4      | Reached skill level 1 in Air Magic
  5163 | D:4      | Reached XP level 7. HP: 25/45 MP: 1/22
  5409 | D:4      | Noticed Crazy Yiuf
  5421 | D:4      | Killed Crazy Yiuf
  5611 | D:5      | Entered Level 5 of the Dungeon
  5777 | D:5      | Reached skill level 5 in Dodging
  5777 | D:5      | Reached XP level 8. HP: 45/52 MP: 15/23
  5856 | D:5      | Reached skill level 6 in Spellcasting
  5989 | D:5      | Found a glowing drain.
  6111 | D:5      | Found a staircase to the Ecumenical Temple.
  6130 | D:5      | Reached skill level 1 in Fire Magic
  6393 | D:5      | Offered knowledge of Searing Ray by Vehumet.
  6574 | D:5      | Reached skill level 5 in Stealth
  6724 | D:5      | Found a bloodstained altar of Trog.
  6735 | D:5      | Found a sparkling altar of Nemelex Xobeh.
  7050 | D:6      | Reached skill level 1 in Shields
  7270 | D:6      | Offered knowledge of Throw Flame by Vehumet.
  7510 | D:6      | Learned a level 2 spell: Throw Flame
  7513 | D:6      | Learned a level 2 spell: Repel Missiles
  7571 | D:6      | Reached skill level 1 in Staves
  7622 | D:6      | Acquired Vehumet's second power
  7865 | D:6      | Found a basalt altar of Yredelemnul.
  8139 | D:7      | Reached XP level 9. HP: 47/58 MP: 16/26
  8146 | D:7      | Reached skill level 7 in Spellcasting
  8229 | D:7      | Reached skill level 1 in Long Blades
  8231 | D:7      | Offered knowledge of Throw Icicle by Vehumet.
  8243 | D:7      | Learned a level 4 spell: Throw Icicle
  9135 | D:8      | Reached skill level 5 in Conjurations
  9150 | D:8      | Reached skill level 1 in Ice Magic
  9291 | D:8      | Acquired Vehumet's third power
  9293 | D:8      | Reached skill level 1 in Charms
  9293 | D:8      | Offered knowledge of Bolt of Magma by Vehumet.
 10219 | D:8      | Reached XP level 10. HP: 59/65 MP: 23/28
 10415 | D:9      | Offered knowledge of Airstrike by Vehumet.
 11622 | D:10     | Entered Level 10 of the Dungeon
 11673 | D:10     | Found Sajuy's Food Shop.
 11679 | D:10     | Sajuy's Food Shop was a mimic.
 11686 | D:10     | Found a staircase to the Orcish Mines.
 11686 | D:10     | Found Piamamp's Weapon Boutique.
 11702 | D:10     | Reached skill level 8 in Spellcasting
 12041 | D:10     | Noticed a cyclops
 12044 | D:10     | Got a dazzling helmet
 12049 | D:10     | Noticed a cyclops
 12133 | D:10     | Killed a cyclops
 12158 | D:10     | Identified the +0 helmet of the Sea {Dex-2 Int-1} (You found it on level 10 of the Dungeon)
 12338 | D:10     | Killed a cyclops
 12362 | D:10     | Noticed a purple ugly thing
 12362 | D:10     | Reached skill level 5 in Fighting
 12641 | D:11     | Noticed Huymann's ghost (powerful DEWz)
 12650 | D:11     | Noticed Heini's ghost (powerful MiFi)
 12666 | D:11     | Noticed a manticore
 12669 | D:11     | Found a flagged portal.
 12678 | Bailey   | Entered a bailey
 12721 | Bailey   | Noticed Heini's ghost (experienced MiFi)
 12732 | Bailey   | HP: 1/66 [Heini's ghost (18)]
 12752 | Bailey   | Slain by Heini's ghost

Action                   |  1- 3 |  4- 6 |  7- 9 | 10-12 || total
-------------------------+-------+-------+-------+-------++-------
Melee: Dagger            |    80 |   118 |    56 |     5 ||   259
       Staff             |       |       |    31 |    25 ||    56
       Great sword       |       |       |    27 |    27 ||    54
       Long sword        |       |       |     9 |    17 ||    26
Throw: Javelin           |       |       |       |    12 ||    12
       Throwing net      |       |       |       |     1 ||     1
 Cast: Magic Dart        |    81 |    65 |   116 |    62 ||   324
       Call Imp          |     2 |    17 |    19 |    25 ||    63
       Conjure Flame     |       |     8 |    28 |    24 ||    60
       Blink             |       |     6 |    14 |    16 ||    36
       Mephitic Cloud    |       |     7 |    41 |    36 ||    84
       Flame Tongue      |       |     1 |   141 |    23 ||   165
       Repel Missiles    |       |       |       |     1 ||     1
       Throw Icicle      |       |       |       |     1 ||     1
Evoke: Wand              |       |       |     2 |     1 ||     3
  Use: Scroll            |     4 |     7 |     5 |     4 ||    20
       Potion            |       |     1 |       |     5 ||     6
 Stab: Sleeping          |     4 |     1 |     5 |     2 ||    12
       Confused          |       |     2 |     8 |     2 ||    12
       Distracted        |       |       |       |     1 ||     1
  Eat: Chunk             |     5 |     8 |    14 |     7 ||    34
       Pizza             |       |     1 |     2 |       ||     3
       Fruit             |       |       |       |     1 ||     1
